AoeStats
← Elwood

Arabia

508480388Analyzed
1v1 RM · 10d ago on Sep 22, 2026· 44m 34s· 2 players
Game mode
Random Map
Map size
Tiny (2 player)
Population
200
Speed
Normal
Resources
Standard
Victory
Conquest
Starting age
Dark Age
Ending age
Imperial Age
RankedLock teamsTeams togetherTeam positionsShared explorationLock speedFull tech treeHidden civsTurbo modeCheats
Victory
Defeat
🇫🇷 Random · France
943
+18
🇵🇪 Random · Peru
988
-18
Elwood
9:26 Loom
11:12 Feudal Age
12:08 Double-Bit Axe
12:17 Gold Mining
12:12 Horse Collar
14:22 Fletching
21:23 Castle Age
19:25 Man-at-Arms
20:21 Forging
20:12 Scale Mail Armor
20:25 Stone Mining
22:04 Crossbowman
23:37 Ballistics
23:18 Bodkin Arrow
24:05 Arson
24:57 Long Swordsman
29:58 Padded Archer Armor
34:40 Gold Shaft Mining
34:18 Bow Saw
38:19 Imperial Age
37:24 Chain Mail Armor
38:25 Thumb Ring
40:55 Conscription
40:30 Pikeman
43:07 Bracer
43:23 Leather Archer Armor
44:40 Iron Casting
44:35 Plate Mail Armor
Lobo Gélido
7:24 Loom
13:03 Feudal Age
14:36 Double-Bit Axe
14:32 Horse Collar
17:22 Castle Age
16:09 Stone Mining
16:11 Gold Mining
20:38 Bow Saw
26:25 Scale Mail Armor
27:53 Chain Mail Armor
27:40 Squires
28:10 Forging
29:43 Fletching
37:14 Murder Holes
39:28 Scale Barding Armor
41:40 Chain Barding Armor
42:16 Husbandry
43:19 Iron Casting
43:22 Bloodlines
Connection lost

Rejoining the realm…

Still unreachable

The connection could not be restored.

Session expired

The server has moved on; the page needs a fresh start.